 Dungeon Crawl Stone Soup version 0.30-a0-782-ge64f9170bb (webtiles) character file.

Game seed: 7343616908097131075

900 Crownlay the Ruffian (level 7, -3/71 HPs)
             Began as a Troll Fighter on Mar 5, 2023.
             Was an Initiate of Wu Jian.
             Slain by a water moccasin (6 damage)
             ... on level 5 of the Dungeon.
             The game lasted 00:04:04 (2694 turns).

Crownlay the Ruffian (Troll Fighter)                Turns: 2694, Time: 00:04:05

Health: -3/71      AC:  4    Str: 25    XL:     7   Next: 79%
Magic:  6/6        EV:  8    Int:  6    God:    Wu Jian [......]
Gold:   309        SH:  8    Dex:  9    Spells: 6/6 levels left

rFire   . . .      SeeInvis .      - Unarmed
rCold   . . .      Faith    +    b - +0 kite shield
rNeg    . . .      Spirit   .    a - +0 robe
rPois   .          Reflect  .    c - +0 hat
rElec   .          Harm     .    (no cloak)
rCorr   .          Rampage  .    (gloves unavailable)
Will    .....                    (boots unavailable)
Stlth   +                        r - amulet of faith
HPRegen 1.11/turn                (no ring)
MPRegen 0.10/turn                (no ring)

@: lethally poisoned (-3 -> -9)
A: large, unfitting armour, claws 3, regeneration 1, shaggy fur 1, tough skin 1
a: Renounce Religion


You were on level 5 of the Dungeon.
You worshipped Wu Jian.
Wu Jian was noncommittal.
You visited 1 branch of the dungeon, and saw 5 of its levels.

You collected 309 gold pieces.

Inventory:

Armour
 a - a +0 robe (worn)
 b - a +0 kite shield (worn)
 c - a +0 hat (worn)
Jewellery
 r - an amulet of faith (around neck)
Wands
 q - a wand of iceblast (6)
Scrolls
 e - 2 scrolls of teleportation
 f - 2 scrolls of vulnerability {unknown}
 g - a scroll of amnesia {unknown}
 i - 3 scrolls of poison {unknown}
 l - a scroll of fog {unknown}
 m - a scroll of butterflies {unknown}
 p - 3 scrolls of identify {unknown}
 t - a scroll of enchant armour {unknown}
 u - a scroll of blinking {unknown}
Potions
 d - 4 potions of mutation {unknown}
 h - 2 potions of curing {unknown}
 j - 2 potions of haste {unknown}
 k - 2 potions of resistance {unknown}
 n - 2 potions of brilliance {unknown}
 o - a potion of ambrosia {unknown}
 s - a potion of attraction {unknown}
 v - a potion of lignification {unknown}


   Skills:
 + Level 4.4 Fighting
 - Level 2.4 Dodging
 + Level 4.8 Shields
 * Level 6.5 Unarmed Combat


You had 6 spell levels left.
You didn't know any spells.
Your spell library contained the following spells:

 Spells                   Type           Power      Damage    Failure   Level
 Beastly Appendage        Tmut           0%         N/A       73%         1
 Freeze                   Ice            0%         1d3       73%         1
 Slow                     Hex            0%         N/A       73%         1
 Summon Small Mammal      Summ           0%         N/A       73%         1
 Wereblood                Tmut           0%         N/A       86%         2
 Call Canine Familiar     Summ           0%         N/A       97%         3
 Confusing Touch          Hex            0%         N/A       97%         3
 Frozen Ramparts          Ice            0%         1d1       97%         3
 Hailstorm                Conj/Ice       0%         3d3       97%         3
 Ignite Poison            Fire/Tmut/Pois 0%         N/A       97%         3
 Kindle Blastsparks       Fire/Tloc/Air  0%         2d10      97%         3
 Spider Form              Tmut/Pois      0%         N/A       97%         3
 Summon Guardian Golem    Hex/Summ       0%         N/A       97%         3
 Vampiric Draining        Necr           0%         2d6       97%         3
 Freezing Cloud           Conj/Ice/Air   0%         6-21      100%        5


Dungeon Overview and Level Annotations

Branches:
Dungeon (5/15)
 Temple: D:4-7

Altars:
Elyvilon
Gozag
Sif Muna
Wu Jian
Yredelemnul
Zin

Annotations:
D:4 1 transporter, Jib19100's ghost, novice OpTm


Innate Abilities, Weirdness & Mutations

You are too large for most types of armour.
You have claws for hands.
Your natural rate of healing is unusually fast.
You are covered in fur. (AC +1)
You have tough skin. (AC +1)


Message History

You are too injured to fight recklessly!
You are too injured to fight recklessly!
You are too injured to fight recklessly!
You are too injured to fight recklessly!
You are too injured to fight recklessly!
You barely miss the water moccasin.
The water moccasin is severely wounded.
You feel very sick. You block the water moccasin's attack.
You scratch the water moccasin.
The water moccasin is severely wounded.
You feel very sick. You block the water moccasin's attack.
The water moccasin barely misses you.
You barely miss the water moccasin.
The water moccasin is severely wounded.
You feel very sick. You block the water moccasin's attack.
You miss the water moccasin.
The water moccasin is severely wounded.
You feel sick. The water moccasin bites you.
You are more poisoned.
The water moccasin poisons you!
You barely miss the water moccasin.
The water moccasin is severely wounded.
* * * LOW HITPOINT WARNING * * *
You feel extremely sick. The water moccasin bites you!
* * * LOW HITPOINT WARNING * * *
The water moccasin closely misses you.
You closely miss the water moccasin.
The water moccasin is severely wounded.
* * * LOW HITPOINT WARNING * * *
You feel very sick.
The water moccasin bites you but does no damage.
You miss the water moccasin.
The water moccasin is severely wounded.
* * * LOW HITPOINT WARNING * * *
You feel very sick. The water moccasin bites you.
You die...

.# .### ###.### ...# ##
##.....## .# .#.#
#..#.......#..# .#.#
#..#.......#..# ##.#
#......_..... ##.#
##..#.......# ...#
#....#...S...# .###
##..##.##..@..#
.#####..# #.####.####.(#
.......## #............#
#####...###...†........#
#.........#.####.$.#####
...##...#.#.#####.## #.
##.##.........# #
#.####.####### #.#
#[......#


You could see a water moccasin.

Vanquished Creatures
  Pargi (D:3)
  An ice beast (D:5)
  2 phantoms (D:5)
  A necrophage (D:5)
  2 scorpions
  2 howler monkeys (D:4)
  3 hounds
  An iguana (D:5)
  7 gnolls
  4 adders
  A white imp (D:5)
  2 worms
  2 dart slugs (D:3)
  3 orcs
  8 ball pythons
  4 bats
  7 endoplasms
  A giant cockroach (D:3)
  7 goblins
  5 hobgoblins
  2 jackals (D:3)
  4 kobolds
  8 quokkas
  4 rats
82 creatures vanquished.

Notes
Turn   | Place    | Note
-------+----------+-------------------------------------------
     0 | D:1      | Crownlay the Troll Fighter began the quest for the Orb.
     0 | D:1      | Reached XP level 1. HP: 22/22 MP: 0/0
   142 | D:1      | Reached XP level 2. HP: 25/29 MP: 1/1
   397 | D:1      | Found a faded altar of an unknown god.
   763 | D:2      | Reached XP level 3. HP: 36/36 MP: 2/2
   850 | D:2      | Reached skill level 3 in Unarmed Combat
   991 | D:2      | Found a shimmering blue altar of Sif Muna.
  1179 | D:3      | Found a basalt altar of Yredelemnul.
  1194 | D:3      | Found a glowing silver altar of Zin.
  1241 | D:3      | Reached XP level 4. HP: 44/44 MP: 3/3
  1476 | D:3      | Noticed Pargi
  1484 | D:3      | Killed Pargi
  1485 | D:3      | Reached skill level 4 in Unarmed Combat
  1485 | D:3      | Reached XP level 5. HP: 45/53 MP: 4/4
  1567 | D:4      | Found a transporter.
  1569 | D:4      | Noticed Jib19100's ghost (novice OpTm)
  1726 | D:4      | Reached XP level 6. HP: 39/61 MP: 5/5
  1786 | D:4      | Reached skill level 5 in Unarmed Combat
  2095 | D:4      | Found an ornate altar of the Wu Jian Council.
  2175 | D:4      | Became a worshipper of the Wu Jian Council
  2216 | D:4      | Identified the +7 great mace of Kitzyisch {spect, Str+3}
  2316 | D:5      | Entered Level 5 of the Dungeon
  2381 | D:5      | Noticed an ice beast
  2399 | D:5      | Reached XP level 7. HP: 70/70 MP: 6/6
  2457 | D:5      | Reached skill level 6 in Unarmed Combat
  2622 | D:5      | Found an opulent altar of Gozag.
  2679 | D:5      | Found a white marble altar of Elyvilon.
  2694 | D:5      | HP: 3/71 [poisoned by a water moccasin]
  2694 | D:5      | Slain by a water moccasin

Illustrated notes

Levels and vault maps discovered:
D:1:      erik_arrival_blinker_ship, layout_loops_ring, basic_ecumenical_altar,
          hex_large, kennysheep_decorative_pillar, hangedman_decor_push
D:2:      layout_loops_ring, basic_altar, hex_medium
D:3:      layout_rooms, grunt_temple_overflow_open, uniq_pargi
D:4:      kennysheep_spiral_hall, layout_basic, nicolae_wu_jian_glorious_leap,
          gammafunk_ghost_smash
D:5:      layout_loops_ring, old_standard_altar, grunt_gozag_statues

Skill      XL: |  1  2  3  4  5  6  7 |
---------------+----------------------+-----
Shields        | 3 4 |  4.8
Unarmed Combat | 3 4 5 6 |  6.5
Fighting       | 3 4 |  4.4
Dodging        | |  2.4

Action                     |  1- 3 |  4- 6 |  7- 9 || total
---------------------------+-------+-------+-------++-------
  Melee: Unarmed           |    81 |   137 |    73 ||   291
Ability: Lunge             |       |     3 |     7 ||    10
    Use: Potion            |       |     1 |       ||     1
         Scroll            |       |     1 |       ||     1
 Armour: Robe              |    18 |    27 |     9 ||    54
  Dodge: Dodged            |    25 |    41 |    21 ||    87
  Block: Kite shield       |    23 |    44 |    26 ||    93

Table legend: (Time is in decaauts)
 A = Elapsed time spent in this place.
 B = Non-inter-level travel time spent in this place.
 C = Inter-level travel time spent in this place.
 D = Time resting spent in this place.
 E = Time spent auto-exploring this place.
 F = Levels seen in this place.
 G = Mean time per level.
                   A        B        C        D        E       F      G
               +--------+--------+--------+--------+--------+-----+--------+
         Total |   2708 |   2596 |    112 |      0 |   1990 |   5 |  541.6 |
       Dungeon |   2708 |   2596 |    112 |      0 |   1990 |   5 |  541.6 |
               +--------+--------+--------+--------+--------+-----+--------+

Top non-repeatable levels by time:
     D:4: 775 daAuts
     D:1: 598 daAuts
     D:2: 506 daAuts
     D:3: 448 daAuts
     D:5: 380 daAuts
